 Dungeon Crawl Stone Soup version 0.30-a0-134-gb40fab5c76 (webtiles) character file.

Game seed: 13862177940449263120

1587 Jerej03 the Cutter (level 8, -34/63 HPs)
             Began as a Demonspawn Chaos Knight on Sept 18, 2022.
             Was a Plaything of Xom.
             Annihilated by a two-headed ogre
             ... wielding a +0 giant spiked club
              (37 damage)
             ... on level 6 of the Dungeon on Sept 19, 2022.
             The game lasted 00:40:23 (5175 turns).

Jerej03 the Cutter (Demonspawn Chaos Knight)        Turns: 5175, Time: 00:40:24

Health: -34/63     AC: 23    Str: 11    XL:     8   Next: 61%
Magic:  8/8        EV: 12    Int: 18    God:    Xom [....*.]
Gold:   1091       SH:  4    Dex: 19    Spells: 7/7 levels left

rFire   + . .      SeeInvis .    a - +2 short sword (chaos)
rCold   + . .      Faith    .    A - orb {mayhem}
rNeg    . . .      Spirit   .    H - +1 ring mail {rF+}
rPois   .          Reflect  .    G - +0 hat
rElec   .          Harm     .    F - +0 cloak
rCorr   .          Rampage  .    u - +1 pair of gloves {Dex+3}
Will    .....                    J - +2 pair of boots
Stlth   ++........               (no amulet)
HPRegen 0.20/turn                (no ring)
MPRegen 0.11/turn                (no ring)

@: mighty, cleaving, sanguine armoured, studying Short Blades
A: hooves 2, icemail 1, sanguine armour 1, condensation shield, claws 1, agile
1, clever 1, cold resistance 1
a: Renounce Religion


You were on level 6 of the Dungeon.
You worshipped Xom.
You were a beloved toy of Xom.
You visited 1 branch of the dungeon, and saw 6 of its levels.

You collected 1091 gold pieces.

Inventory:

Hand Weapons
 a - a +2 short sword of chaos (weapon)
 b - a +4 quarterstaff of chaos
Missiles
 l - 4 atropa-tipped darts
Armour
 u - a +1 pair of gloves of dexterity (worn)
 A - an orb of mayhem (worn)
 F - a +0 cloak (worn)
 G - a +0 hat (worn)
 H - a +1 ring mail of fire resistance (worn)
 J - a +2 pair of boots (worn)
Magical Staves
 t - a staff of poison
Wands
 D - a wand of acid (3)
Scrolls
 j - 2 scrolls of teleportation
 p - 3 scrolls of blinking
 w - 2 scrolls of amnesia
 C - a scroll of magic mapping
 E - a scroll of poison
Potions
 g - a potion of mutation {unknown}
 h - 2 potions of degeneration {unknown}
 m - 2 potions of cancellation
 n - a potion of flight {unknown}
 r - a potion of attraction {unknown}
 z - a potion of ambrosia {unknown}
 I - a potion of haste
 K - a potion of might {unknown}
Miscellaneous
 c - a piece from Xom's chessboard (14/15) (quivered)


   Skills:
 + Level 5.6 Fighting
 + Level 6.2 Short Blades
 + Level 4.5 Armour
 + Level 3.7 Dodging
 + Level 3.5 Stealth
 + Level 2.5 Shields
 + Level 0.6 Evocations


You had 7 spell levels left.
You didn't know any spells.
Your spell library was empty.

Dungeon Overview and Level Annotations

Branches:
Dungeon (6/15)
 Temple: D:4-7

Altars:
Xom

Annotations:
D:4 1 runed translucent door
D:6 2 runed translucent doors


Innate Abilities, Weirdness & Mutations

You have hoof-like feet.
A meltable icy envelope protects you from harm. (AC +4)
When seriously injured, your blood forms armour. (AC +6)
A meltable shield of frost defends you. (SH +4)
You have sharp fingernails.
You are agile. (Dex +4, Str/Int -1)
Your mind is acute. (Int +4, Str/Dex -1)
Your flesh is cold resistant. (rC+)


Message History

Something hits you!!
* * * LOW HITPOINT WARNING * * *
A shower of butterflies erupts from you!
Something hits you.
* * * LOW HITPOINT WARNING * * *
You emit a cloud of colourful smoke!
You feel much better. Something hits your butterfly!!!
Your butterfly dies!
Your butterfly disappears in a puff of smoke!
You feel better.
You feel better.
Your blood armour dries and flakes away.
You hear an angry hiss.
Cleave: a) +2 short sword (chaos)
Press: ? - help, Dir - move target You swing at nothing.
Cleave: a) +2 short sword (chaos)
Press: ? - help, Dir - move target You swing at nothing.
Cleave: a) +2 short sword (chaos)
Press: ? - help, Dir - move target You swing at nothing.
You can't wield that with only one hand.
Cleave: a) +2 short sword (chaos)
Press: ? - help, Dir - move target You swing at nothing.
Cleave: a) +2 short sword (chaos)
Press: ? - help, Dir - move target You swing at nothing.
You hear two shouts!
Something hits you!!!
Ouch! That really hurt!
* * * LOW HITPOINT WARNING * * *
Your blood congeals into armour.
Something hits you.
* * * LOW HITPOINT WARNING * * *
You hit something.
Space warps around something.
Something hits you!!!
Ouch! That really hurt!
You die...
Xom thinks this is hilarious!

##### #...# ###...###
#.......########
####..............#
.......b...#.##...###
#####..><###........#
#..☼@............<.##
#○####..###..........
####†####..#
#.##.......
#.[..b.....#
#......####
####.#####.#
#.##..##..† #.#
#.###..##.#†### #.#
#.........#..#( #.#
#..##''##.'.#)# ..#
##.##8..8#######


There were no monsters in sight!

Vanquished Creatures
  An ugly thing (D:6)
  The ghost of Stonecrops the Covered, an amateur MiFi of Uskayaw (D:4)
  An orc warrior (D:6)
  A black bear (D:5)
  A phantom (D:4)
  2 necrophages
  2 scorpions (D:6)
  Crazy Yiuf (D:5)
  An orc priest (D:5)
  A jelly (D:4)
  2 iguanas
  2 gnolls
  7 adders
  A shadow imp (D:6)
  3 ufetubi
  4 worms
  3 dart slugs
  8 orcs
  4 endoplasms
  7 giant cockroaches
  7 goblins
  9 hobgoblins
  6 jackals
  11 quokkas
  6 ball pythons
  2 bats (D:1)
  2 frilled lizards (D:2)
  6 kobolds
  3 rats (D:1)
105 creatures vanquished.

Vanquished Creatures (collateral kills)
  An ice beast (D:5)
  A phantom (D:5)
  2 adders (D:5)
  An adder zombie (D:4)
  4 orcs (D:5)
  2 endoplasms
  A kobold (D:3)
  A rat (D:1)
13 creatures vanquished.

Grand Total: 118 creatures vanquished

Notes
Turn   | Place    | Note
-------+----------+-------------------------------------------
     0 | D:1      | Jerej03 the Demonspawn Chaos Knight began the quest for the
                  | Orb.
     0 | D:1      | Reached XP level 1. HP: 18/18 MP: 1/1
    56 | D:1      | XOM: divination: magic mapping
    89 | D:1      | Gained mutation: You have large cloven feet. [demonic
                  | ancestry]
    89 | D:1      | Reached XP level 2. HP: 9/24 MP: 2/2
    99 | D:1      | Reached skill level 3 in Short Blades
   510 | D:1      | Reached skill level 1 in Dodging
   510 | D:1      | XOM: divination: detect items
   512 | D:1      | Gained mutation: You have hoof-like feet. [demonic
                  | ancestry]
   512 | D:1      | Reached XP level 3. HP: 24/29 MP: 3/3
   605 | D:1      | XOM: 4-stop teleportation journey
   626 | D:1      | XOM: divination: magic mapping
   835 | D:1      | XOM: divination: detect creatures
  1097 | D:2      | XOM: god gift: 52 gold pieces
  1161 | D:2      | XOM: confuse monster(s)
  1412 | D:2      | Gained mutation: When seriously injured, your blood forms
                  | armour. (AC +6) [demonic ancestry]
  1412 | D:2      | Reached XP level 4. HP: 21/37 MP: 4/4
  1951 | D:3      | XOM: god gift: staff of poison
  2016 | D:3      | XOM: stat loss: -1 Dex (14/15)
  2287 | D:3      | Found a faded altar of an unknown god.
  2397 | D:3      | Reached XP level 5. HP: 34/42 MP: 5/5
  2562 | D:3      | XOM: give mutations
  2562 | D:3      | Gained mutation: Your flesh is cold resistant. (rC+) [Xom's
                  | grace]
  2562 | D:3      | Gained mutation: You are agile. (Dex +4, Str/Int -1) [Xom's
                  | grace]
  2562 | D:3      | Gained mutation: You are partially covered in large bone
                  | plates. (SH +4) [Xom's grace]
  2562 | D:3      | Gained mutation: You have sharp fingernails. [Xom's grace]
  2631 | D:4      | XOM: polymorph orc -> quokka
  2633 | D:4      | XOM: scenery: create altars
  2654 | D:4      | Reached skill level 1 in Stealth
  3047 | D:4      | Reached skill level 4 in Short Blades
  3051 | D:4      | XOM: silly message
  3131 | D:4      | Gained mutation: A meltable shield of frost defends you.
                  | (SH +4) [demonic ancestry]
  3131 | D:4      | Reached XP level 6. HP: 48/48 MP: 6/6
  3150 | D:4      | Found a runed translucent door.
  3181 | D:4      | Noticed Stonecrops's ghost (amateur MiFi)
  3232 | D:4      | XOM: god gift: 16 gold pieces
  3261 | D:4      | XOM: noise
  3374 | D:4      | XOM: noise
  3540 | D:4      | Found a runed translucent door.
  3606 | D:4      | XOM: potion effect (haste)
  3623 | D:4      | Killed Stonecrops's ghost
  3624 | D:4      | Reached skill level 1 in Shields
  3624 | D:4      | Reached XP level 7. HP: 37/55 MP: 7/7
  3849 | D:4      | XOM: cloud trail
  3867 | D:4      | XOM: god gift: 43 gold pieces
  3947 | D:5      | Entered Level 5 of the Dungeon
  3998 | D:5      | XOM: 4-stop teleportation journey
  4017 | D:5      | XOM: god gift: viscous orange potion {god gift}
  4020 | D:5      | Upgraded the game from 0.30-a0-125-g51eefa89be to
                  | 0.30-a0-134-gb40fab5c76
  4023 | D:5      | XOM: cast spell 'Summon Dragon'
  4060 | D:5      | XOM: give mutations
  4060 | D:5      | Lost mutation: You are partially covered in large bone
                  | plates. (SH +4) [Xom's mischief]
  4060 | D:5      | Gained mutation: Your mind is acute. (Int +4, Str/Dex -1)
                  | [Xom's mischief]
  4129 | D:5      | XOM: silly message
  4322 | D:5      | Reached skill level 5 in Short Blades
  4582 | D:5      | XOM: stat loss: -1 Int (17/18)
  4591 | D:5      | Found a runed translucent door.
  4592 | D:5      | Noticed Crazy Yiuf
  4644 | D:5      | Identified a scroll of acquirement
  4644 | D:5      | Acquired 768 gold pieces
  4658 | D:5      | XOM: smoke on damage
  4703 | D:5      | XOM: scenery: summon butterflies
  4860 | D:5      | Killed Crazy Yiuf
  5000 | D:6      | Found a large runed translucent door.
  5000 | D:6      | Found a large runed translucent door.
  5013 | D:6      | Gained mutation: A meltable icy envelope protects you from
                  | harm. (AC +4) [demonic ancestry]
  5013 | D:6      | Reached XP level 8. HP: 58/61 MP: 8/8
  5040 | D:6      | Reached skill level 5 in Fighting
  5078 | D:6      | Noticed a two-headed ogre
  5078 | D:6      | Noticed a purple ugly thing
  5078 | D:6      | Found the macabre finger necklace {rN+}
  5084 | D:6      | Found a large runed translucent door.
  5084 | D:6      | Found a large runed translucent door.
  5129 | D:6      | XOM: cleaving
  5133 | D:6      | XOM: smoke on damage
  5135 | D:6      | XOM: potion effect (might)
  5154 | D:6      | Killed a purple ugly thing
  5155 | D:6      | Reached skill level 6 in Short Blades
  5155 | D:6      | XOM: butterfly on damage
  5155 | D:6      | HP: 1/63 [something (3)]
  5155 | D:6      | XOM: smoke on damage
  5173 | D:6      | HP: 3/63 [something (4)]
  5175 | D:6      | Annihilated by a two-headed ogre

Illustrated notes

Levels and vault maps discovered:
D:1:      dpeg_arrival_arbitrary_a, layout_basic
D:2:      minmay_general_purpose_star, layout_rooms, basic_altar
D:3:      layout_basic, shapermc_ecumenical_altar_hornbeckon
D:4:      layout_basic, ebering_ghost_sewer_f, minmay_misc_feat_enclosed,
          corexii_checkpoint_a
D:5:      layout_rooms, uniq_crazy_yiuf_cottage
D:6:      kennysheep_big_flooded_room, layout_loops_ring,
          grunt_temple_overflow_magic_moments, roderic_serpentine_path,
          minmay_hollow_rounded_squares

Skill      XL: |  1  2  3  4  5  6  7  8 |
---------------+-------------------------+-----
Short Blades   | 3 4 5 6 |  6.2
Armour         | 2 3 4 |  4.5
Dodging        | 1 2 3 |  3.7
Stealth        | 1 2 3 |  3.5
Fighting       | 4 5 |  5.6
Shields        | 1 2 |  2.5
Evocations     | |  0.6

Action                   |  1- 3 |  4- 6 |  7- 9 || total
-------------------------+-------+-------+-------++-------
Melee: Short sword       |   112 |   204 |   125 ||   441
       Kick              |    23 |    51 |     9 ||    83
       Punch             |     1 |       |       ||     1
Evoke: Piece from Xom's  |       |     1 |     3 ||     4
  Use: Scroll            |       |       |    12 ||    12
       Potion            |       |       |    10 ||    10
 Stab: Distracted        |     1 |     2 |       ||     3
       Paralysed         |     1 |     2 |       ||     3
       Sleeping          |       |     1 |       ||     1
       Petrified         |       |       |     2 ||     2
Armor: Leather armour    |    44 |    73 |    22 ||   139
       Ring mail         |       |       |    18 ||    18
Dodge: Dodged            |    52 |    48 |    65 ||   165
Block: Other             |       |     2 |       ||     2
       Orb               |       |    23 |    25 ||    48

Table legend: (Time is in decaauts)
 A = Elapsed time spent in this place.
 B = Non-inter-level travel time spent in this place.
 C = Inter-level travel time spent in this place.
 D = Time resting spent in this place.
 E = Time spent auto-exploring this place.
 F = Levels seen in this place.
 G = Mean time per level.
                   A        B        C        D        E       F      G
               +--------+--------+--------+--------+--------+-----+--------+
         Total |   5081 |   4924 |    157 |    125 |   3616 |   6 |  846.8 |
       Dungeon |   5081 |   4924 |    157 |    125 |   3616 |   6 |  846.8 |
               +--------+--------+--------+--------+--------+-----+--------+

Top non-repeatable levels by time:
     D:4: 1339 daAuts
     D:5: 1020 daAuts
     D:1: 927 daAuts
     D:3: 871 daAuts
     D:2: 749 daAuts
     D:6: 173 daAuts
